 Dungeon Crawl Stone Soup version 0.20.1-1-g8b1a95d (webtiles) character file.

100 schauveau the Digger (level 4, -1/24 HPs)
             Began as a Gargoyle Earth Elementalist on Dec 10, 2017.
             Slain by tarantulino's ghost (8 damage)
             ... in a sewer.
             The game lasted 00:04:18 (1472 turns).

schauveau the Digger (Gargoyle Earth Elementalist)  Turns: 1472, Time: 00:04:19

Health: -1/24      AC:  6    Str: 12    XL:     4   Next: 74%
Magic:  7/7        EV: 10    Int: 21    God:
Gold:   81         SH:  0    Dex: 10    Spells: 3/7 levels left

rFire    . . .     SeeInvis .   a - +2 short sword (drain)
rCold    . . .     Gourm    .   (no shield)
rNeg     + . .     Faith    .   c - +0 robe
rPois    ∞         Spirit   .   (no helmet)
rElec    +         Reflect  .   (no cloak)
rCorr    .         Harm     .   r - +0 pair of gloves (curse)
MR       .....                  (no boots)
Stlth    ++........             (no amulet)
Regen    0.1/turn               f - -2 ring of evasion (curse)
MPRegen  0.1/turn               (no ring)

@: brilliant
A: negative energy resistance 1, electricity resistance, unbreathing,
petrification resistance, rot immunity, AC +3
a: no special abilities


You were in a sewer.
You were not hungry.

You visited 1 branch of the dungeon, and saw 5 of its levels.
You also visited: Sewer.

You collected 81 gold pieces.

Inventory:

Hand Weapons
 a - a +2 short sword of draining (weapon)
 q - a cursed -3 dagger
Missiles
 b - 99 stones (quivered)
Armour
 c - a +0 robe (worn)
 r - a cursed +0 pair of gloves (worn)
Jewellery
 f - a cursed -2 ring of evasion (left hand)
Scrolls
 j - a scroll of blinking
 n - a scroll of recharging
 t - a scroll of immolation {unknown}
Potions
 g - a potion of might {unknown}
 h - a potion of invisibility {unknown}
 i - a potion of brilliance
 l - a potion of curing {unknown}
 m - a potion of haste {unknown}
 s - 2 potions of heal wounds {unknown}
Books
 e - a book of Geomancy

   Spells                             Type                      Level
   a - Sandblast                      Earth                        1
   b - Passwall                       Transmutation/Earth          2
   c - Stone Arrow                    Conjuration/Earth            3
   d - Petrify                        Transmutation/Earth          4
   e - Lee's Rapid Deconstruction     Earth                        5
Comestibles
 d - 4 bread rations
 o - 4 chunks of flesh
 p - 4 fruits


   Skills:
 + Level 0.7 Fighting
 + Level 1.0 Short Blades
 + Level 2.1 Dodging
 + Level 3.4 Stealth
 + Level 2.3 Spellcasting
   Level 0.7 Transmutations
 + Level 4.4 Earth Magic


You had 3 spell levels left.
You knew the following spells:

 Your Spells              Type           Power        Failure   Level  Hunger
a - Sandblast             Erth           ####..       1%          1    None
b - Stone Arrow           Conj/Erth      ###...       2%          3    ###....


Dungeon Overview and Level Annotations

Branches:
Dungeon (5/15)
 Temple: D:4-7

Altars:
Ashenzari
Trog
Xom

Annotations:
Sewer tarantulino's ghost, amateur NaFi


Innate Abilities, Weirdness & Mutations

You are resistant to torment.
Your stone body is resilient. (AC +3)
You are immune to poison.
You resist negative energy. (rN+)
You are resistant to electric shocks. (rElec)
You can survive without breathing.
You are immune to petrification.
You are immune to rotting.


Message History

You feel clever all of a sudden.
Casting: Sandblast
Confirm with . or Enter, or press ? or * to list all spells.
Aiming: Stone Arrow
Press: ? - help, Shift-Dir - straight line, f - tarantulino's ghost
Aim: tarantulino's ghost (lightly damaged)
The stone arrow hits tarantulino's ghost.
Tarantulino's ghost is moderately damaged.
Casting: Stone Arrow
Confirm with . or Enter, or press ? or * to list all spells.
Aiming: Stone Arrow
Press: ? - help, Shift-Dir - straight line, f/p - tarantulino's ghost
Aim: tarantulino's ghost (moderately damaged)
The stone arrow hits tarantulino's ghost.
Tarantulino's ghost is severely damaged.
Tarantulino's ghost ripples.
Tarantulino's ghost hits you.
* * * LOW HITPOINT WARNING * * *
Magic courses through your body. Tarantulino's ghost hits you!
You die...

#.....#
#..b..#
##.....#
#......#≈≈≈≈P.
#...P..#≈≈≈≈≈≈
#......#≈≈≈≈≈
#......#≈≈≈#
#..@P≈≈#≈≈≈#
##.W.≈≈#≈≈≈#
##...P≈≈≈≈≈#
#....≈≈≈≈≈≈#
###...≈#≈≈≈#
#.P).#≈≈≈#
##''##≈≈≈#
#....#≈≈≈#
#....#≈≈≈#


You could see tarantulino's ghost and a bat (sleeping).

Vanquished Creatures
  A hound (D:4)
  2 adders (D:4)
  2 worms (D:2)
  A dart slug (D:3)
  A leopard gecko (D:4)
  An orc (D:4)
  3 giant cockroaches
  4 goblins
  5 hobgoblins
  7 kobolds
  A ball python (D:2)
  9 bats
  4 frilled lizards
  4 rats
45 creatures vanquished.

Notes
Turn   | Place    | Note
-------+----------+-------------------------------------------
     0 | D:1      | schauveau the Gargoyle Earth Elementalist began the quest for the Orb.
     0 | D:1      | Reached XP level 1. HP: 10/10 MP: 3/3
    89 | D:1      | Reached skill level 4 in Earth Magic
    94 | D:1      | Reached XP level 2. HP: 15/15 MP: 0/5
   845 | D:2      | Reached XP level 3. HP: 19/19 MP: 6/6
  1103 | D:4      | Found a shimmering altar of Xom.
  1103 | D:4      | Found a shattered altar of Ashenzari.
  1104 | D:4      | Noticed a scorpion
  1115 | D:4      | Reached XP level 4. HP: 22/24 MP: 7/7
  1191 | D:4      | Learned a level 3 spell: Stone Arrow
  1251 | D:5      | Entered Level 5 of the Dungeon
  1272 | D:4      | Found a bloodstained altar of Trog.
  1355 | D:4      | Found a glowing drain.
  1379 | D:4      | Reached skill level 1 in Short Blades
  1393 | Sewer    | Entered a sewer
  1453 | Sewer    | Noticed tarantulino's ghost (amateur NaFi)
  1472 | Sewer    | Slain by tarantulino's ghost

Skill      XL: |  1  2  3  4 |
---------------+-------------+-----
Earth Magic    | 4 |  4.4
Dodging        | 2 |  2.1
Stealth        | 3 |  3.4
Short Blades   | 1 |  1.0
Fighting       | |  0.7
Spellcasting   | |  2.3
Transmutations | |  0.7

Action                   |  1- 3 |  4- 6 || total
-------------------------+-------+-------++-------
Melee: Unarmed           |     1 |       ||     1
       Short sword       |    72 |    41 ||   113
 Cast: Sandblast         |     9 |     2 ||    11
       Stone Arrow       |       |     2 ||     2
  Use: Scroll            |     3 |     3 ||     6
       Potion            |       |     2 ||     2
 Stab: Sleeping          |     8 |     1 ||     9
  Eat: Chunk             |     1 |     1 ||     2
Armor: Robe              |    30 |    27 ||    57
Dodge: Dodged            |    47 |    18 ||    65
